Map: Lerilak Crest

Players

lesha - Winner!

  • Race: Terran Terran

A.I. 1 (Elite)

  • Race: Zerg Zerg

VOD

Have the link to the VOD?

Description

Time

  • Played on: Dec. 5, 2015, 10:55 a.m.
  • Length: 19:43
Show
View Real Time Build Order
Export as new Build Order

lesha Terran - Winner!

Build Orders:  

Get SALT Encoding   

  12  0:01  SCV  
  13  0:13  SCV  
  14  0:19  Supply Depot  
  14  0:25  SCV  
  15  0:41  SCV  
  16  0:44  Barracks  
  16  0:53  SCV  
  17  1:05  SCV  
  18  1:20  Command Center  
  18  1:22  SCV  
  19  1:34  Orbital Command  
  19  1:38  Marine  
  20  1:52  Refinery  
  20  1:54  Refinery  
  20  2:03  SCV  
  21  2:09  Marine  
  21  2:12  Supply Depot  
  21  2:15  SCV  
  23  2:31  SCV  
  23  2:32  Marine  
  25  2:42  Factory  
  25  2:43  SCV  
  26  2:50  Marine  
  27  2:55  SCV  
  27  2:57  Orbital Command  
  28  2:59  Bunker  
  28  3:08  SCV  
  29  3:20  SCV  
  30  3:32  SCV  
  31  3:34  Barracks Tech Lab  
  31  3:35  Supply Depot  
  31  3:39  Factory Reactor  
  31  3:41  Factory Tech Lab  
  31  3:48  Starport  
  31  3:55  Barracks  
  31  3:57  Barracks  
  31  4:00  Supply Depot  
  31  4:01  Supply Depot  
  31  4:04  SCV x2  
  33  4:18  Marauder  
  33  4:19  Siege Tank  
  38  4:28  SCV x2, Refinery  
  40  4:39  Marauder  
  40  4:40  SCV x2  
  40  4:41  Engineering Bay  
  40  4:43  Engineering Bay  
  44  4:48  Starport Reactor  
  44  4:49  Barracks Reactor  
  44  4:50  Barracks Reactor  
  44  4:51  Siege Tank  
  44  4:52  SCV x2  
  49  5:04  SCV x2  
  49  5:05  Marauder  
  53  5:16  SCV  
  53  5:18  Bunker  
  53  5:21  SCV  
  55  5:24  Terran Infantry Weapons Level 1  
  55  5:25  Terran Infantry Armor Level 1  
  55  5:27  Marauder  
  55  5:28  SCV  
  58  5:33  SCV, Refinery  
  59  5:39  Marine  
  59  5:40  SCV, Marine x3  
  59  5:42  Medivac  
  66  5:45  SCV  
  67  5:53  SCV  
  68  5:57  SCV  
  69  6:05  SCV  
  69  6:09  Supply Depot  
  70  6:12  Supply Depot  
  70  6:22  Command Center  
  70  6:31  Medivac x2, Siege Tank, Marine  
  78  6:33  Marine x3  
  78  6:34  SCV x2, Marauder  
  78  6:38  Supply Depot  
  78  6:39  Supply Depot  
  85  6:41  Supply Depot  
  85  6:46  SCV  
  86  6:49  Armory  
  86  7:00  Marauder, Marine x4  
  92  7:17  Marine x3  
  92  7:19  Marine  
  92  7:21  Marine  
  97  7:31  Barracks  
  97  7:34  SCV, Barracks  
  97  7:35  SCV, Marine x2  
  97  7:36  Barracks x2  
  101  7:49  SCV x2  
  103  7:52  Marine  
  103  7:53  Marine x3  
  103  7:54  Marine  
  103  7:57  Medivac x2  
  112  8:00  Terran Infantry Weapons Level 2  
  112  8:01  SCV, Terran Infantry Armor Level 2  
  112  8:05  Stimpack  
  113  8:10  Marine x2  
  113  8:11  Marauder, Marine  
  113  8:12  Marine  
  119  8:23  SCV x2  
  119  8:25  Orbital Command  
  121  8:35  SCV x2  
  121  8:37  Supply Depot  
  121  8:38  Supply Depot  
  121  8:39  Supply Depot  
  121  8:40  Supply Depot  
  123  8:47  SCV x2  
  125  8:50  Missile Turret  
  125  8:52  Missile Turret  
  125  9:01  Missile Turret  
  125  9:04  Marine  
  125  9:05  Marine x2  
  125  9:06  Missile Turret  
  125  9:07  Barracks Reactor x2  
  125  9:08  Barracks Tech Lab  
  125  9:09  Barracks Reactor  
  128  9:10  Missile Turret  
  128  9:12  Marine x2  
  128  9:14  Medivac x2  
  134  9:22  Marine  
  135  9:30  Marauder  
  120  9:40  Command Center  
  120  9:43  Marine x2  
  120  9:44  Medivac x2, Marine x5  
  120  9:45  Marine x3  
  108  9:46  Marauder  
  108  9:52  Marauder  
  108  10:05  Combat Shields  
  108  10:07  Marauder  
  108  10:13  Marauder  
  112  10:14  Medivac x2  
  116  10:34  Marine x4  
  116  10:35  Marine x5  
  123  10:36  Marauder x2  
  123  10:37  Marine  
  130  10:44  Medivac x2  
  134  10:51  Supply Depot  
  134  10:52  Marine x5  
  134  10:53  Marine x4  
  134  10:54  Supply Depot  
  134  10:55  Supply Depot, Marine  
  144  10:57  Marauder  
  144  10:58  Marauder  
  144  11:03  Refinery  
  148  11:05  Refinery  
  148  11:10  Marine  
  149  11:13  Orbital Command  
  149  11:14  Supply Depot  
  149  11:16  Command Center, Marine x7  
  149  11:17  Marine x2  
  158  11:18  Supply Depot, Marine  
  158  11:19  Marine  
  158  11:20  Medivac x2  
  158  11:22  Supply Depot  
  164  11:27  Marine  
  165  11:33  Starport, Marine  
  165  11:34  Starport, Marine x3  
  165  11:36  Marine  
  165  11:37  Marauder x2, Marine x4  
  178  11:45  Marine  
  179  11:50  Medivac  
  179  11:51  Marine x2  
  179  11:52  Marine x2  
  185  11:54  Marine  
  185  11:58  Terran Infantry Weapons Level 3, Terran Infantry Armor Level 3, Marauder x2  
  190  12:02  Marine x3  
  190  12:03  Marine  
  190  12:06  Medivac  
  196  12:08  Marine  
  196  12:09  Marine x2  
  199  12:32  Marine  
  140  13:02  Marine x6  
  140  13:03  Marauder x2, Marine  
  140  13:04  Marine x3  
  126  13:19  Marine x2  
  126  13:20  Marine  
  126  13:25  Marauder x2  
  126  13:38  Marine x7  
  126  13:39  Marine x3  
  126  13:40  Medivac x2  
  136  13:46  Marauder x2  
  138  13:58  Marine x3  
  138  13:59  Marine x7  
  143  14:07  Marine x2  
  143  14:10  Medivac x2  
  143  14:16  Marine x4  
  143  14:17  Siege Tank, Marine x5  
  151  14:20  Marine  
  160  14:25  Marauder x2  
  164  14:34  Marine x6  
  164  14:35  Marine x3  
  173  14:40  Medivac x2  
  161  14:47  Marine, Marauder x2  
  161  14:50  Siege Tank  
  161  14:52  Marine x5  
  172  14:54  Starport Reactor  
  172  14:55  Starport Reactor  
  164  15:17  Marine x6  
  164  15:18  Marine x6  
  176  15:21  Medivac x2, Widow Mine  
  176  15:25  Command Center  
  182  15:34  Marine  
  182  15:37  Command Center, Marauder x2  
  177  15:43  Marine x6  
  177  15:44  Marine x3  
  182  15:51  Medivac x2  
  182  15:52  Marine, Medivac x2  
  182  15:56  Medivac x2  
  195  15:58  Marauder x2  
  195  16:01  Marine  
  200  16:21  Medivac x2  
  195  16:55  Marine x2  
  195  16:56  Marine x3  
  198  18:03  Refinery  
  198  18:09  Marine  
  198  18:12  Marine  
  200  18:29  Refinery  
  195  19:08  Marine x5  
Show
View Real Time Build Order
Export as new Build Order

A.I. 1 (Elite) Zerg 

Build Orders: Pool First 

Get SALT Encoding   

  12  0:00  Drone  
  13  0:12  Overlord  
  13  0:16  Drone  
  14  0:30  Drone x2  
  16  0:42  Spawning Pool  
  16  0:44  Drone  
  16  0:48  Drone  
  17  1:12  Hatchery, Drone  
  17  1:16  Extractor  
  17  1:17  Drone  
  17  1:21  Drone  
  18  1:27  Drone  
  19  1:38  Overlord  
  19  1:48  Queen  
  19  1:49  Drone  
  22  1:59  Zergling x2  
  23  2:10  Drone  
  24  2:21  Drone  
  25  2:24  Roach Warren, Queen  
  25  2:26  Extractor  
  25  2:29  Drone  
  26  2:35  Drone  
  27  2:42  Overlord  
  27  2:45  Drone  
  27  2:48  Drone  
  29  2:53  Drone  
  29  2:56  Drone  
  31  2:59  Drone  
  31  3:02  Zergling x2  
  33  3:06  Zergling x2  
  33  3:09  Roach  
  33  3:12  Zergling x2  
  36  3:17  Roach  
  38  3:20  Roach  
  38  3:26  Roach  
  42  3:27  Drone  
  43  3:35  Overlord  
  43  3:43  Lair  
  43  3:47  Metabolic Boost  
  43  3:53  Drone x2  
  45  3:56  Drone  
  45  3:58  Drone  
  45  4:01  Drone  
  48  4:03  Drone  
  48  4:06  Drone  
  48  4:08  Drone  
  51  4:12  Overlord  
  51  4:21  Evolution Chamber, Drone  
  51  4:25  Evolution Chamber, Drone  
  51  4:31  Drone x3  
  54  4:35  Drone  
  54  4:37  Drone  
  56  4:40  Drone  
  56  4:42  Drone  
  56  4:43  Drone, Infestation Pit  
  58  4:48  Zerg Missile Weapons Level 1  
  58  4:53  Zerg Ground Armor Level 1  
  58  4:56  Overlord  
  58  4:59  Overlord  
  58  5:01  Drone  
  61  5:14  Drone x2, Roach x2  
  61  5:16  Hydralisk Den  
  61  5:17  Drone  
  61  5:18  Drone  
  61  5:20  Overlord  
  66  5:22  Drone  
  66  5:25  Infestor  
  66  5:28  Roach  
  71  5:30  Extractor  
  71  5:33  Drone  
  71  5:34  Roach, Extractor  
  72  5:38  Overlord, Roach  
  72  5:41  Roach  
  76  5:46  Hydralisk  
  78  5:51  Hydralisk  
  78  5:53  Drone x2  
  83  5:57  Drone  
  83  6:02  Overlord  
  83  6:05  Drone  
  83  6:06  Drone  
  83  6:07  Infestor  
  87  6:11  Hatchery  
  87  6:12  Drone  
  87  6:14  Baneling Nest  
  86  6:21  Ravager  
  86  6:24  Overlord, Roach  
  89  6:31  Ravager  
  90  6:33  Roach  
  90  6:37  Hydralisk  
  94  6:42  Overlord, Hydralisk  
  96  6:56  Infestor  
  96  6:57  Baneling, Zergling x2  
  96  6:58  Baneling  
  96  7:01  Baneling, Zergling x2  
  100  7:03  Baneling  
  100  7:06  Baneling, Zergling x2  
  101  7:08  Baneling  
  101  7:19  Baneling, Zergling x2  
  101  7:20  Baneling  
  102  7:23  Drone, Baneling, Zergling x2  
  102  7:24  Drone x3, Overlord, Baneling  
  102  7:25  Drone x5, Baneling, Zergling x2  
  113  7:31  Drone  
  113  7:33  Drone, Extractor  
  113  7:35  Extractor  
  113  7:36  Drone  
  114  7:38  Overseer  
  114  7:41  Drone x3  
  114  7:42  Drone  
  114  7:43  Centrifical Hooks  
  114  7:44  Overlord  
  118  7:45  Hatchery, Drone x3  
  118  7:46  Overseer  
  118  7:48  Drone  
  121  7:53  Drone  
  121  7:55  Drone  
  123  7:58  Drone  
  123  8:04  Overlord  
  124  8:06  Drone  
  124  8:09  Drone  
  124  8:10  Zerg Missile Weapons Level 2  
  124  8:12  Drone, Infestor, Roach  
  131  8:16  Drone, Roach x2  
  136  8:22  Overlord  
  136  8:27  Zerg Ground Armor Level 2  
  136  8:34  Spine Crawler  
  136  8:36  Spine Crawler, Queen  
  136  8:41  Overlord  
  136  8:57  Drone, Queen  
  136  8:58  Drone  
  140  9:05  Pathogen Glands  
  140  9:07  Hydralisk, Extractor  
  140  9:08  Drone  
  142  9:10  Drone, Hydralisk, Extractor  
  142  9:12  Spine Crawler  
  142  9:13  Drone  
  142  9:14  Hatchery, Drone  
  142  9:16  Spore Crawler, Drone  
  144  9:18  Spore Crawler  
  144  9:19  Drone  
  144  9:23  Roach  
  146  9:25  Overlord, Roach  
  146  9:31  Zergling x10  
  147  9:32  Zergling x10  
  147  9:34  Infestor  
  147  9:36  Evolution Chamber  
  137  9:41  Drone  
  137  9:42  Roach  
  137  9:43  Roach  
  137  9:45  Spine Crawler, Roach  
  123  9:47  Infestor, Hydralisk x2  
  123  9:48  Roach  
  123  9:49  Drone, Roach  
  123  9:53  Roach x2  
  123  9:54  Roach  
  123  9:56  Roach  
  131  10:00  Baneling x4  
  131  10:01  Baneling  
  131  10:02  Ravager, Zerg Melee Weapons Level 1  
  131  10:03  Ravager  
  131  10:04  Roach, Zergling x4  
  138  10:07  Zergling x2  
  138  10:13  Spine Crawler  
  137  10:14  Drone  
  137  10:15  Roach  
  137  10:16  Roach  
  137  10:17  Roach  
  137  10:18  Hydralisk  
  137  10:20  Hydralisk  
  148  10:21  Zergling x2, Baneling x2  
  148  10:22  Zergling x2, Baneling x2  
  150  10:33  Baneling, Queen  
  150  10:34  Baneling x2, Zergling x2  
  153  10:53  Spore Crawler  
  153  10:54  Drone  
  153  10:55  Spine Crawler  
  153  10:56  Drone  
  153  10:58  Spore Crawler, Drone  
  153  11:08  Zergling x4, Baneling x4  
  153  11:09  Hive, Spore Crawler, Drone  
  155  11:12  Baneling x3, Zergling x4  
  157  11:24  Baneling  
  157  11:26  Spore Crawler  
  157  11:27  Drone  
  157  11:30  Spine Crawler  
  157  11:31  Drone  
  157  11:33  Spine Crawler  
  157  11:34  Drone  
  157  11:39  Spine Crawler  
  156  11:40  Drone  
  156  11:44  Ravager  
  156  11:45  Roach  
  160  11:49  Overlord x2, Ravager, Overseer  
  160  11:50  Roach  
  160  11:51  Pneumatized Carapace  
  163  11:57  Zerg Melee Weapons Level 2  
  163  11:59  Roach  
  163  12:01  Roach  
  167  12:11  Spore Crawler  
  167  12:12  Hatchery, Drone x2  
  167  12:14  Spore Crawler, Drone  
  167  12:16  Spire  
  167  12:17  Drone  
  167  12:19  Spore Crawler  
  167  12:21  Drone, Viper  
  170  12:23  Zerg Missile Weapons Level 3  
  170  12:35  Overlord  
  170  12:36  Viper, Infestor x2  
  177  12:37  Drone, Spine Crawler, Infestor  
  177  12:40  Spine Crawler  
  177  12:41  Drone x2, Queen  
  177  12:43  Spine Crawler  
  179  12:44  Drone  
  179  12:49  Spore Crawler  
  179  12:50  Drone  
  153  12:52  Zergling x2  
  153  12:54  Zergling x2  
  153  12:56  Drone  
  153  12:57  Drone  
  125  13:01  Roach  
  125  13:04  Roach  
  107  13:07  Roach  
  107  13:09  Roach  
  107  13:12  Roach  
  96  13:15  Hydralisk  
  96  13:18  Hydralisk  
  94  13:21  Zergling x2  
  94  13:22  Hydralisk  
  94  13:24  Drone  
  94  13:25  Drone  
  94  13:26  Drone  
  98  13:27  Drone  
  98  13:28  Mutalisk  
  98  13:29  Corruptor, Zergling x2  
  98  13:31  Drone, Greater Spire  
  98  13:32  Drone  
  98  13:33  Drone  
  101  13:35  Drone  
  101  13:36  Drone  
  101  13:38  Roach  
  101  13:39  Drone x2, Roach  
  101  13:41  Corruptor  
  104  13:42  Drone x2  
  104  13:44  Zergling x2  
  104  13:45  Zergling x2  
  104  13:47  Zergling x2  
  109  13:48  Zergling x2  
  109  13:49  Zergling x2  
  109  13:50  Zergling x2  
  109  13:51  Zergling x2  
  109  13:53  Zergling x2  
  109  13:54  Zergling x2  
  113  13:57  Zergling x2  
  113  13:58  Infestor  
  113  14:00  Infestor  
  117  14:04  Zergling x2, Baneling  
  117  14:05  Zergling x2, Baneling x3  
  117  14:06  Zergling x2, Baneling x2  
  117  14:07  Baneling  
  117  14:08  Zergling x2  
  117  14:09  Baneling x2  
  121  14:10  Zergling x2  
  121  14:12  Zergling x2, Baneling x2  
  121  14:13  Hatchery, Baneling x2  
  121  14:14  Drone  
  121  14:15  Zergling x2  
  124  14:27  Baneling  
  124  14:28  Zergling x2, Baneling  
  124  14:29  Zergling x2, Baneling x2  
  124  14:30  Zergling x2, Baneling x3  
  127  14:38  Zergling x2  
  127  14:39  Baneling, Zergling x4  
  127  14:41  Corruptor, Zergling x4  
  127  14:42  Zergling x2  
  127  14:44  Zergling x2  
  117  14:46  Roach x2  
  117  14:47  Roach  
  117  14:48  Hydralisk  
  117  14:50  Roach  
  117  14:51  Roach  
  113  14:53  Hydralisk  
  113  14:55  Hydralisk  
  113  14:57  Corruptor  
  113  14:59  Zergling x2  
  112  15:00  Zergling x2  
  112  15:01  Zergling x2  
  112  15:02  Zergling x4  
  112  15:04  Zergling x4  
  112  15:05  Zergling x2  
  113  15:07  Infestor  
  113  15:09  Baneling, Zergling x2  
  113  15:10  Infestor, Zergling x2  
  117  15:16  Spore Crawler  
  117  15:17  Drone x3  
  117  15:18  Spore Crawler, Baneling x4, Drone, Zergling x2  
  117  15:19  Brood Lord, Baneling x2  
  118  15:21  Corruptor  
  118  15:24  Overseer  
  118  15:27  Zergling x2  
  118  15:28  Zergling x2  
  119  15:36  Drone  
  119  15:38  Drone  
  119  15:39  Drone  
  119  15:41  Hydralisk  
  119  15:42  Hydralisk  
  110  15:46  Roach x2  
  110  15:47  Zergling x2, Baneling x3  
  110  15:48  Zergling x2, Baneling  
  110  15:49  Roach  
  98  15:53  Brood Lord  
  98  15:54  Roach  
  98  15:55  Extractor  
  98  15:56  Extractor  
  94  15:57  Extractor  
  94  15:58  Drone, Roach  
  94  15:59  Drone, Extractor  
  94  16:00  Drone  
  94  16:01  Drone, Extractor  
  94  16:02  Drone, Extractor  
  96  16:04  Drone  
  96  16:05  Drone  
  96  16:06  Drone  
  96  16:07  Drone  
  96  16:08  Drone, Hydralisk  
  96  16:09  Drone  
  96  16:11  Drone, Roach  
  96  16:12  Drone x3  
  96  16:13  Drone x2  
  96  16:14  Drone  
  96  16:15  Drone  
  96  16:17  Drone x2  
  96  16:18  Drone  
  100  16:20  Zergling x2  
  100  16:21  Overlord  
  100  16:25  Hatchery  
  95  16:29  Zergling x2  
  86  16:36  Overseer  
  86  16:42  Overlord  
  86  16:44  Overlord  
  85  16:50  Overlord  
  85  16:52  Overlord  
  85  16:54  Overlord  
  85  17:04  Spawning Pool  
  84  17:10  Spawning Pool  
  84  17:12  Overlord  
  78  17:30  Drone  
  78  17:31  Drone x2  
  78  17:37  Spawning Pool  
  78  17:41  Overlord  
  76  17:45  Overlord  
  73  18:00  Evolution Chamber  
  73  18:04  Drone, Overlord  
  72  18:06  Drone x2  
  72  18:11  Evolution Chamber  
  71  18:17  Spawning Pool  
  69  18:22  Overlord  
  68  18:29  Evolution Chamber  
  65  18:34  Overlord  
  62  18:47  Overlord  
  47  19:06  Overlord  
  47  19:12  Overlord  
  44  19:17  Hatchery  
  38  19:36  Hatchery  
Tags
 
Add a new tag
Caveats
  • Supply blocks, unpowered buildings, or Contaminate may cause inaccurate times.
  • Supply counts are checked every 10 seconds.